 Dungeon Crawl Stone Soup version 0.27-a0-1119-gbf574a6a6b (webtiles) character file.

Game seed: 7656883168017072633

4 kodamatunes15 the Skirmisher (level 1, 0/19 HPs)
             Began as a Ghoul Monk on May 2, 2021.
             Slain by a dart slug (1 damage)
             ... on level 1 of the Dungeon.
             The game lasted 00:00:48 (136 turns).

kodamatunes15 the Skirmisher (Ghoul Monk)            Turns: 136, Time: 00:00:49

Health: 0/19       AC:  2    Str: 14    XL:     1   Next: 70%
Magic:  0/0        EV: 12    Int:  5    God:
Gold:   12         SH:  0    Dex: 11    Spells: 0/0 levels left

rFire    . . .     SeeInvis .     - Unarmed
rCold    + . .     Faith    .   (no shield)
rNeg     + + +     Spirit   .   a - +0 robe
rPois    ∞         Reflect  .   (no helmet)
rElec    .         Harm     .   (no cloak)
rCorr    .         Rampage  .   (no gloves)
Will     .....                  (no boots)
Stlth    ++........             (no amulet)
HPRegen  0.00/turn              (no ring)
MPRegen  0.07/turn              (no ring)

@: no status effects
A: claws 1, cold resistance 1, negative energy resistance 3, inhibited
regeneration, torment resistance 2, unbreathing 1
a: no special abilities


You were on level 1 of the Dungeon.
You visited 1 branch of the dungeon, and saw 1 of its levels.

You collected 12 gold pieces.

Inventory:

Armour
 a - a +0 robe (worn)
Scrolls
 b - a scroll of fear {unknown}
Potions
 c - a potion of mutation {unknown}


   Skills:
 + Level 3.3 Fighting
 + Level 2.8 Dodging
 + Level 2.2 Stealth
 + Level 3.3 Unarmed Combat


You couldn't memorise any spells.
You didn't know any spells.
Your spell library was empty.

Dungeon Overview and Level Annotations

Branches:
Dungeon (1/15)

Altars:


Innate Abilities, Weirdness & Mutations

You thrive by killing the living.
You are immune to poison.
You have sharp fingernails.
Your flesh is cold resistant. (rC+)
You are immune to negative energy. (rN+++)
You do not regenerate when monsters are visible.
You are immune to unholy pain and torment.
You can survive without breathing.


Message History

You closely miss the quokka. Your claw misses the quokka.
The quokka is severely wounded.
The bat barely misses you. The quokka closely misses you.
The rat barely misses you. The quokka closely misses you.
You barely miss the quokka.
The quokka is severely wounded.
The bat hits you. The rat closely misses you. The quokka bites you.
The bat closely misses you. The giant cockroach bites you.
You claw the quokka!
You kill the quokka!
The bat hits you. The bat misses you. The rat barely misses you.
The giant cockroach barely misses you. The dart slug launches a dart at you.
The slug dart hits you.
* * * LOW HITPOINT WARNING * * *
You barely miss the giant cockroach. The bat barely misses you.
The rat barely misses you. The giant cockroach barely misses you.
You scratch the giant cockroach.
The giant cockroach is almost dead.
The bat hits you but does no damage. The giant cockroach closely misses you.
The rat bites you.
* * * LOW HITPOINT WARNING * * *
You barely miss the giant cockroach.
The giant cockroach is almost dead.
The bat closely misses you. The giant cockroach barely misses you.
The rat closely misses you. The dart slug launches a dart at you.
The slug dart misses you.
You scratch the giant cockroach.
You kill the giant cockroach!
You feel better. The bat closely misses you. The rat bites you.
* * * LOW HITPOINT WARNING * * *
You claw the bat!
You kill the bat!
The dart slug closely misses you. The rat barely misses you.
The quokka bites you.
* * * LOW HITPOINT WARNING * * *
2 quokkas come into view.
The dart slug bites you.
You die...

#..........
>..r...... ..........
#........#
##........#
#..........
#........?r
#.r@.......
########.$wr......
b.................
#####..#........#
#.........(##
########.##.....###
..................
#####..#.##########.
###...####'####...###


You could see a dart slug, 3 quokkas and a rat.

Vanquished Creatures
  A bat (D:1)
  A giant cockroach (D:1)
  A quokka (D:1)
  A rat (D:1)
4 creatures vanquished.

Notes
Turn   | Place    | Note
-------+----------+-------------------------------------------
     0 | D:1      | kodamatunes15 the Ghoul Monk began the quest for the Orb.
     0 | D:1      | Reached XP level 1. HP: 19/19 MP: 0/0
   136 | D:1      | Slain by a dart slug

Illustrated notes

Levels and vault maps discovered:
D:1:      dpeg_arrival_three_smaller_balls, layout_rooms, basic_ecumenical_altar

Action                   || total
-------------------------++-------
Melee: Unarmed           ||    15
 Stab: Sleeping          ||     2
Armor: Robe              ||     2
Dodge: Dodged            ||    27

Table legend: (Time is in decaauts)
 A = Elapsed time spent in this place.
 B = Non-inter-level travel time spent in this place.
 C = Inter-level travel time spent in this place.
 D = Time resting spent in this place.
 E = Time spent auto-exploring this place.
 F = Levels seen in this place.
 G = Mean time per level.
                   A        B        C        D        E       F      G
               +--------+--------+--------+--------+--------+-----+--------+
         Total |    135 |     29 |    106 |      0 |      0 |   1 |  135.0 |
       Dungeon |    135 |     29 |    106 |      0 |      0 |   1 |  135.0 |
               +--------+--------+--------+--------+--------+-----+--------+

Top non-repeatable levels by time:
     D:1: 135 daAuts
